 Dungeon Crawl Stone Soup version 0.28.0-53-g5a82cb258f (webtiles) character file.

Game seed: 7109668169614170495

33080 buhh the Warrior (level 14, -7/110 HPs)
             Began as a Formicid Hunter on June 19, 2022.
             Was an Elder of Hepliaklqana.
             Killed from afar by an electric eel (10 damage)
             ... with a bolt of electricity
             ... on level 4 of the Lair of Beasts.
             The game lasted 00:49:19 (18905 turns).

buhh the Warrior (Formicid Hunter)                 Turns: 18905, Time: 00:49:20

Health: -7/110     AC:  9    Str: 18    XL:     14   Next: 6%
Magic:  19/19      EV: 16    Int: 11    God:    Hepliaklqana [****..]
Gold:   715        SH:  5    Dex: 15    Spells: 13/13 levels left

rFire   . . .      SeeInvis +   a - +2 hand crossbow
rCold   . . .      Faith    .   (no shield)
rNeg    . . .      Spirit   .   E - +1 troll leather armour
rPois   .          Reflect  +   (helmet unavailable)
rElec   .          Harm     .   f - +2 cloak
rCorr   .          Rampage  .   (no gloves)
Will    +....                   (no boots)
Stlth   +++.......              A - amulet of reflection
HPRegen 1.08/turn               e - ring of flight
MPRegen 0.16/turn               (no ring)

@: flying
A: reduced essence, permanent stasis, dig shafts and tunnels, antennae 3, four
strong arms
a: Dig, Shaft Self, Renounce Religion, Recall Ancestor, Ancestor Identity,
Transference, Idealise


You were on level 4 of the Lair of Beasts.
You worshipped Hepliaklqana.
Hepliaklqana was greatly pleased with you.
You visited 4 branches of the dungeon, and saw 18 of its levels.
You also visited: Sewer.

You collected 767 gold pieces.
You spent 52 gold pieces at shops.

Inventory:

Hand Weapons
 a - a +2 hand crossbow (weapon)
 b - a +0 short sword
Missiles
 d - 44 bolts (quivered ammo)
 j - 39 poisoned darts
 n - 11 curare-tipped darts
 q - 3 throwing nets {!f}
Armour
 f - a +2 cloak (worn)
 u - a +1 leather armour
 E - a +1 troll leather armour (worn)
Jewellery
 e - a ring of flight (left hand)
 w - an amulet of the acrobat
 A - an amulet of reflection (around neck)
Wands
 r - a wand of iceblast (9)
 s - a wand of mindburst (4)
 v - a wand of digging (2)
 y - a wand of charming (7)
 D - a wand of acid (3)
Scrolls
 c - a scroll of blinking {!d}
 g - 2 scrolls of identify {!d}
 t - 9 scrolls of teleportation {!d}
 B - 2 scrolls of noise
 Q - 2 scrolls of fog
 R - a scroll of torment
 X - 4 scrolls of amnesia
Potions
 h - 2 potions of magic {unknown}
 i - 4 potions of brilliance {unknown}
 k - 3 potions of flight
 l - a potion of might {unknown}
 m - 5 potions of mutation {unknown}
 o - 2 potions of invisibility {unknown}
 x - a potion of attraction {unknown}
 O - 5 potions of haste {!q!d}


   Skills:
 - Level 15.0 Fighting
 - Level 10.0 Crossbows
 - Level 8.0 Armour
 * Level 8.6 Dodging
 - Level 6.0 Stealth
 - Level 7.0 Invocations
 - Level 10.0 Evocations


You had 13 spell levels left.
You didn't know any spells.
Your spell library contained the following spells:

 Spells                   Type           Power      Damage    Failure   Level
 Summon Small Mammal      Summ           0%         N/A       38%         1
 Ensorcelled Hibernation  Hex/Ice        0%         N/A       52%         2
 Passwall                 Tmut/Erth      0%         N/A       52%         2
 Call Canine Familiar     Summ           0%         N/A       77%         3
 Summon Guardian Golem    Hex/Summ       0%         N/A       77%         3
 Animate Armour           Summ/Erth      0%         N/A       99%         4
 Blade Hands              Tmut           0%         N/A       100%        5
 Iron Shot                Conj/Erth      0%         9d1       100%        6
 Malign Gateway           Summ/Tloc      0%         N/A       100%        7
 Summon Horrible Things   Summ           0%         N/A       100%        8
 Swiftness                Air            Unusable   N/A       N/A         3

Dungeon Overview and Level Annotations

Branches:
Dungeon (12/15)            Temple (1/1) D:6            Lair (4/6) D:10
  Swamp (1/4) Lair:4       Spider (0/4) Lair:3        Sewer (visited)
    Orc: D:9-12

Altars:
Ashenzari
Cheibriados
Dithmenos
Elyvilon
Fedhas
Gozag
Hepliaklqana
Kikubaaqudgha
Makhleb
Nemelex Xobeh
Okawaru
Qazlal
Ru
Sif Muna
Trog
Uskayaw
Vehumet
Wu Jian
Xom
Yredelemnul
Zin
The Shining One

Shops:
D:2 *   D:3 ?   D:5 [

Annotations:
D:9 exclusion: two-headed ogre
D:11 Snorg


Innate Abilities, Weirdness & Mutations

Your life essence is reduced to manifest your ancestor. (-10% HP)
You cannot be hasted, slowed, berserked, paralysed or teleported.
You can dig through walls and to a lower floor.
You have a pair of large antennae on your head. (SInv)
Your four strong arms can wield two-handed weapons with a shield.


Message History

Kaladin hits the wyvern with a +0 flail!
Fire: 48 bolts
Press: ? - help, Q - select action, (/) - cycle Shift-Dir - straight line, f/p - wyvern
Aim: a wyvern (thin mist, almost dead, ally target, 74% to hit)
You shoot a bolt.
The bolt hits the wyvern but does no damage.
The wyvern is almost dead.
The wyvern bites you.
* * * LOW HITPOINT WARNING * * *
The rime drake breathes ice at you.
Kaladin blocks the flash freeze.
Kaladin hits the wyvern with a +0 flail!
The wyvern dies!
Fire: 47 bolts
Press: ? - help, Q - select action, (/) - cycle Shift-Dir - straight line, f - electric eel
Aim: an electric eel (thin mist, 62% to hit)
You shoot a bolt. The bolt hits the electric eel.
The electric eel is lightly wounded.
You hear a splash.
The electric eel shoots out a bolt of lightning at you!
The bolt of electricity hits you!
* * * LOW HITPOINT WARNING * * *
A cane toad comes into view.
Fire: 46 bolts
Press: ? - help, Q - select action, (/) - cycle Shift-Dir - straight line, f/p - electric eel
Aim: an electric eel (thin mist, lightly wounded, ally target, 62% to hit)
You shoot a bolt.
The bolt closely misses the electric eel.
You hear a splash.
The electric eel shoots out a bolt of lightning at you!
The bolt of electricity hits you.
* * * LOW HITPOINT WARNING * * *
Fire: 45 bolts
Press: ? - help, Q - select action, (/) - cycle Shift-Dir - straight line, f/p - electric eel
Aim: an electric eel (thin mist, lightly wounded, ally target, 62% to hit)
You shoot a bolt.
The bolt closely misses the electric eel.
The electric eel shoots out a bolt of lightning at you!
The bolt of electricity hits you!
You die...

.## #..# .## ##..# .P##
###...## # ...###......#
#.###### ............#
........ .#####......#
♣...{... .#
###....♣♣♣♣♣♣♣♣♣♣♣♣♣♣♣♣♣♣♣..
##
##....♣♣§§§≈≈≈≈≈≈♣≈≈≈≈≈♣♣♣
##...♣♣§@§k♣.♣(♣..l((....
#P..♣♣SR§§.F(...†((....†
##..♣♣≈≈≈♣≈♣≈≈(♣♣≈≈≈≈♣♣♣
##..♣♣♣♣♣♣♣♣♣♣♣♣♣♣♣♣♣..
#.####...♣♣#♣♣ ♣♣{{.....
.#....{...#♣.#♣#♣♣♣.##...#.
........###...#.♣{{.#######
#####..."....{.{.....# #.
#.#......P.#####.# #.


You could see the friendly Kaladin the knight, a cane toad, a rime drake and an
electric eel (ally target).

Vanquished Creatures
  Fannar (Lair:3)
  3 hydras
  A centaur warrior (D:11)
  A two-headed ogre (D:9)
  Urug (Lair:3)
  Sonja (Lair:3)
  Nergalle (D:10)
  A manticore (D:9)
  An elephant (Lair:3)
  A black mamba (Lair:3)
  Psyche (D:8)
  7 cane toads
  4 komodo dragons
  A rime drake (Lair:4)
  An unseen horror (D:10)
  3 trolls
  A polar bear (Lair:2)
  A hornet (D:9)
  7 blink frogs
  A wyvern (D:8)
  A vampire (D:8)
  A jumping spider (shapeshifter) (D:8)
  A basilisk (Lair:2)
  14 yaks
  Menkaure (D:4)
  A swamp worm (Lair:4)
  3 water moccasins
  2 hornet zombies (D:7)
  3 sky beasts (D:5)
  A black bear (D:7)
  4 ogres
  2 orc warriors
  7 wolves
  2 centaurs
  5 kobold brigands
  6 bullfrogs
  4 scorpions
  2 gnoll sergeants
  27 killer bees
  5 electric eels
  4 howler monkeys
  5 wights (D:8)
  A crimson imp (D:4)
  2 lava snakes (Lair:1)
  3 centaur zombies
  6 hounds
  A jelly (D:5)
  A gnoll shaman (D:5)
  3 orc priests
  2 bullfrog skeletons
  2 centaur skeletons
  2 iguanas
  8 orc wizards
  13 gnolls
  A howler monkey skeleton (D:7)
  A howler monkey zombie (D:9)
  18 adders
  A river rat (Sewer)
  3 ufetubi
  6 worms
  3 dart slugs
  33 orcs
  6 ball pythons
  11 bats
  13 endoplasms
  7 giant cockroaches
  3 hobgoblins
  4 jackals
  19 kobolds
  3 quokkas
  3 frilled lizards
  7 goblins
  A goblin skeleton (D:4)
  3 goblin zombies (D:4)
  3 hobgoblin zombies (D:4)
  An orc skeleton (D:4)
  An orc zombie (D:4)
  8 rats
343 creatures vanquished.

Vanquished Creatures (collateral kills)
  Harold (D:10)
  A hydra (Lair:3)
  A death yak (Lair:3)
  2 bog bodies (Lair:4)
  A wolf spider (Lair:3)
  3 black mambas (Lair:3)
  6 cane toads
  2 rime drakes (Lair:2)
  2 komodo dragons (Lair:3)
  6 blink frogs
  6 wyverns
  4 yaks
  A swamp worm (Lair:4)
  5 water moccasins
  A black bear (Lair:1)
  4 wolves
  3 bullfrogs (Lair:3)
  A killer bee (D:10)
  3 electric eels (Lair:1)
  A centaur zombie (D:9)
  3 orc priests (D:10)
  3 hounds (D:10)
  2 orc wizards (D:10)
  A gnoll (D:9)
63 creatures vanquished.

Vanquished Creatures (others)
  An ogre (D:6)
  5 knights
  5 ancestors
  9 fungi
  15 plants
35 creatures vanquished.

Grand Total: 441 creatures vanquished

Notes
Turn   | Place    | Note
-------+----------+-------------------------------------------
     0 | D:1      | buhh the Formicid Hunter began the quest for the Orb.
     0 | D:1      | Reached XP level 1. HP: 16/16 MP: 1/1
   295 | D:1      | Reached XP level 2. HP: 23/23 MP: 2/2
   490 | D:2      | Reached XP level 3. HP: 28/28 MP: 3/3
   500 | D:2      | Found a hazy altar of Hepliaklqana.
   538 | D:2      | Reached skill level 3 in Fighting
   779 | D:2      | Reached XP level 4. HP: 18/35 MP: 4/4
  1145 | D:2      | Reached XP level 5. HP: 18/41 MP: 5/5
  1616 | D:2      | Found Himeihoug's General Store.
  1620 | D:2      | Bought 12 bolts for 28 gold pieces
  1620 | D:2      | Bought a scroll of identify for 24 gold pieces
  1922 | D:3      | Found Kystor's Magic Scroll Shop.
  2169 | D:3      | Found a burning altar of Makhleb.
  2941 | D:3      | Reached XP level 6. HP: 40/47 MP: 6/6
  3256 | D:4      | Noticed an ogre
  3259 | D:4      | Noticed Menkaure
  3562 | D:4      | Killed Menkaure
  3563 | D:4      | Reached XP level 7. HP: 27/52 MP: 7/7
  4020 | D:4      | Reached skill level 4 in Fighting
  4159 | D:4      | Found a glowing golden altar of the Shining One.
  4270 | D:4      | Found a shimmering altar of Xom.
  4395 | D:4      | Reached XP level 8. HP: 61/61 MP: 8/8
  4601 | D:5      | Entered Level 5 of the Dungeon
  4687 | D:5      | Found a glowing drain.
  4695 | D:5      | Reached skill level 5 in Fighting
  4713 | Sewer    | Entered a sewer
  5049 | D:5      | Found Etouto's Antique Armour Shoppe.
  5116 | D:5      | Reached skill level 6 in Fighting
  5626 | D:5      | Reached XP level 9. HP: 63/71 MP: 9/9
  5702 | D:5      | Reached skill level 7 in Fighting
  6524 | D:5      | Found a glowing silver altar of Zin.
  6585 | D:5      | Found a hazy altar of Hepliaklqana.
  6800 | D:6      | Reached skill level 8 in Fighting
  7230 | D:6      | Found a white marble altar of Elyvilon.
  7248 | D:6      | Found a staircase to the Ecumenical Temple.
  7393 | D:6      | Noticed a troll
  7409 | D:6      | Killed a troll
  7977 | Temple   | Entered the Ecumenical Temple
  8085 | D:5      | Became a worshipper of Hepliaklqana the Forgotten
  8620 | D:7      | Reached XP level 10. HP: 80/80 MP: 10/10
  8651 | D:7      | Found a shimmering blue altar of Sif Muna.
  9098 | D:8      | Noticed a komodo dragon
  9099 | D:8      | a komodo dragon changed into a shapeshifter
  9109 | D:8      | Noticed Psyche
  9117 | D:8      | Killed Psyche
  9490 | D:8      | Reached skill level 9 in Fighting
  9895 | D:8      | Reached * piety under Hepliaklqana
 10210 | D:8      | Found an ancient bone altar of Kikubaaqudgha.
 10292 | D:8      | Found an opulent altar of Gozag.
 10341 | D:9      | Noticed a manticore
 10351 | D:9      | Killed a manticore
 10352 | D:9      | Reached skill level 10 in Fighting
 10992 | D:9      | Reached XP level 11. HP: 56/81 MP: 14/14
 11208 | D:9      | Noticed a two-headed ogre
 11261 | D:9      | Killed a two-headed ogre
 12035 | D:10     | Entered Level 10 of the Dungeon
 12362 | D:10     | Reached skill level 11 in Fighting
 12705 | D:10     | Reached ** piety under Hepliaklqana
 12722 | D:10     | Noticed Nergalle
 12735 | D:10     | Killed Nergalle
 12766 | D:10     | Found a staircase to the Lair.
 12773 | D:10     | Reached skill level 12 in Fighting
 13044 | D:10     | Noticed Harold
 13054 | D:10     | Killed Harold
 13055 | D:10     | Reached skill level 13 in Fighting
 13206 | D:10     | You are sucked into a shaft and drop 2 floors!
 13424 | D:10     | Noticed an eight-headed hydra
 13428 | D:10     | Killed an eight-headed hydra
 13429 | D:10     | Reached XP level 12. HP: 94/94 MP: 17/17
 13429 | D:10     | Remembered your ancestor Kaladin as a knight
 13592 | D:11     | Noticed Snorg
 13650 | D:11     | Noticed a centaur warrior
 13659 | D:11     | Killed a centaur warrior
 13833 | Lair:1   | Entered Level 1 of the Lair of Beasts
 14580 | Lair:1   | Reached skill level 14 in Fighting
 15067 | Lair:2   | Reached *** piety under Hepliaklqana
 15947 | Lair:2   | Noticed a five-headed hydra
 15967 | Lair:2   | Killed a five-headed hydra
 16394 | Lair:3   | Reached skill level 15 in Fighting
 16394 | Lair:3   | Reached XP level 13. HP: 95/103 MP: 18/18
 16760 | Lair:3   | Noticed Sonja
 17128 | Lair:3   | Noticed Fannar
 17142 | Lair:3   | Killed Fannar
 17212 | Lair:3   | Noticed a four-headed hydra
 17225 | Lair:3   | Killed a four-headed hydra
 17346 | Lair:3   | Reached **** piety under Hepliaklqana
 17377 | Lair:3   | Noticed Urug
 17390 | Lair:3   | Killed Urug
 17685 | Lair:3   | Found a hole to the Spider Nest.
 17964 | Lair:3   | Killed Sonja
 18732 | Lair:4   | Noticed a five-headed hydra
 18744 | Lair:4   | Killed a five-headed hydra
 18858 | Lair:4   | Found a staircase to the Swamp.
 18866 | Lair:4   | Reached XP level 14. HP: 30/110 MP: 19/19
 18891 | Swamp:1  | Entered Level 1 of the Swamp
 18891 | Swamp:1  | Noticed an eleionoma
 18891 | Swamp:1  | Noticed a fenstrider witch
 18891 | Swamp:1  | Noticed a bunyip
 18892 | Swamp:1  | Noticed a bunyip
 18904 | Lair:4   | HP: 2/110 [electric eel/bolt of electricity (6)]
 18905 | Lair:4   | Killed from afar by an electric eel

Illustrated notes

Levels and vault maps discovered:
D:1:      eino_arrival_cavern_b, layout_rooms
D:2:      layout_loops_ring, serial_shops, nicolae_shop_stone, basic_altar,
          minmay_joined_circles
D:3:      layout_loops_ring, mainiacjoe_overflow_concentric_impassable,
          serial_shops, shop, minmay_misc_feat_columns, patterned_corridor
D:4:      layout_cave_pools, nicolae_tso_besieged_by_evil,
          mainiacjoe_overflow_alcove_1, supply_closet_lemuel, uniq_menkaure
D:5:      layout_loops_ring, zin_academy, old_standard_altar, serial_shops,
          nicolae_shop_competitors_out_of_business, gup_sewer_entry_glass
D:6:      layout_basic, kennysheep_mini_moat, minmay_temple_entry_sparse_star,
          lemuel_flamethrower_1
D:7:      minmay_evil_eye, layout_basic, lemuel_blue_sif_altar
D:8:      layout_loops_ring, lemuel_coloured_pillars_altar,
          mainiacjoe_overflow_brackets, wad_dig_loot, uniq_psyche
D:9:      layout_gridville
D:10:     layout_loops_ring, erik_lair_island, uniq_harold, uniq_nergalle
D:11:     layout_basic, david_orc_4, minmay_crystal_water, uniq_snorg
D:12:     minmay_the_grid_triangle_9x9_rhombus_thin_mashed
          [minmay_the_grid_triangle_9x9_stretched_checkered,
          minmay_the_grid_triangle_9x9_prize_special,
          minmay_the_grid_triangle_9x9_from_above,
          minmay_the_grid_triangle_9x9_longest], layout_loops_cross, uniq_rupert
Temple:   cyrus_circular_temple
Lair:1:   layout_cave_pods, nicolae_lair_liquid_snakes, serial_bayou_shore_b
Lair:2:   layout_cave_pods, chequers_serial_rivers_room_b
Lair:3:   layout_layer_cave, spider_nest_entry_rubble,
          hangedman_lair_generics_rect, grunt_megastairs_3, uniq_fannar,
          uniq_sonja, uniq_urug
Lair:4:   nzn_winding_woodlands_small [nzn_winding_woodlands_5x15_cabin,
          nzn_winding_woodlands_center_garden, nzn_winding_woodlands_5x15_eye],
          layout_loops_ring, nicolae_swamp_entry_splash_gauntlet
Swamp:1:  layout_basic_swamp, nicolae_swamp_treefoil

Skill      XL: |  1  2  3  4  5  6  7  8  9 10 11 12 13 |
---------------+----------------------------------------+-----
Stealth        | 2 3 4 6 |  6.0
Fighting       | 3 4 6 8 10 13 15 | 15.0
Crossbows      | 5 6 8 10 | 10.0
Evocations     | 3 6 10 | 10.0
Dodging        | 3 4 8 |  8.6
Armour         | 5 8 |  8.0
Invocations    | 4 7 |  7.0

Action                   |  1- 3 |  4- 6 |  7- 9 | 10-12 | 13-15 || total
-------------------------+-------+-------+-------+-------+-------++-------
Melee: Short sword       |       |    76 |    18 |     9 |       ||   103
       Punch             |       |       |     1 |       |       ||     1
 Fire: Hand crossbow     |    53 |    81 |   343 |   563 |   212 ||  1252
Throw: Dart              |       |    31 |     4 |    74 |    20 ||   129
       Throwing net      |       |       |     1 |       |       ||     1
Invok: Ancestor Identity |       |       |       |     1 |       ||     1
       Ancestor Life: Kn |       |       |       |     1 |       ||     1
       Transference      |       |       |       |       |     2 ||     2
Evoke: Wand              |       |     4 |     8 |    28 |     4 ||    44
  Use: Scroll            |       |     2 |     8 |     8 |     4 ||    22
       Potion            |       |       |     3 |     7 |     7 ||    17
 Stab: Sleeping          |       |     5 |     1 |       |       ||     6
Armor: Leather armour    |     2 |    31 |    34 |    29 |       ||    96
       Skin              |       |       |       |    38 |       ||    38
       Troll leather arm |       |       |       |    37 |    34 ||    71
Dodge: Dodged            |    13 |    88 |    71 |   195 |    86 ||   453
Block: Other             |       |       |       |    18 |    19 ||    37
       Reflection        |       |       |       |     1 |       ||     1
